 Dungeon Crawl Stone Soup version 0.21-a0-94-gdd6ab6a (webtiles) character file.

35 4thArraOfDagon the Vexing (level 3, -6/24 HPs)
             Began as a Demonspawn Enchanter on July 2, 2017.
             Killed from afar by an orc wizard (9 damage)
             ... with a puff of flame
             ... on level 4 of the Dungeon.
             The game lasted 00:03:17 (487 turns).

4thArraOfDagon the Vexing (Demonspawn Enchanter)     Turns: 487, Time: 00:03:19

Health: -6/24      AC: 10    Str: 13    XL:     3   Next: 16%
Magic:  6/6        EV:  3    Int: 22    God:
Gold:   92         SH:  0    Dex: 13    Spells: 5/6 levels left

rFire    . . .     SeeInvis .   a - +1 dagger
rCold    . . .     Gourm    .   (no shield)
rNeg     . . .     Faith    .   j - +0 plate armour
rPois    .         Spirit   .   (no helmet)
rElec    .         Reflect  .   (no cloak)
rCorr    .         Harm     .   (no gloves)
MR       .....                  (no boots)
Stlth    ..........             e - amulet of rage
HPRegen  0.08/turn              (no ring)
MPRegen  0.10/turn              (no ring)

@: mighty, brilliant
A: nightstalker 1
a: Evoke Berserk Rage


You were on level 4 of the Dungeon.
You were not hungry.

You visited 1 branch of the dungeon, and saw 3 of its levels.

You collected 92 gold pieces.

Inventory:

Hand Weapons
 a - a +1 dagger (weapon)
Armour
 b - a +0 robe
 j - a +0 plate armour (worn)
Jewellery
 e - an amulet of rage (around neck)
Wands
 n - a wand of flame (32/48)
Scrolls
 g - 3 scrolls of identify {unknown}
 k - a scroll of teleportation {unknown}
 l - a scroll of magic mapping {unknown}
 o - a scroll of immolation {unknown}
Potions
 h - a potion of cancellation
Books
 c - a book of Maledictions

   Spells                             Type                      Level
   a - Corona                         Hexes                        1
   b - Ensorcelled Hibernation        Hexes/Ice                    2
   c - Confuse                        Hexes                        3
   d - Tukima's Dance                 Hexes                        3
   e - Dazzling Spray                 Conjuration/Hexes            3
Comestibles
 d - 2 bread rations
 m - a meat ration


   Skills:
 - Level 0.8 Short Blades
 + Level 2.0 Dodging
 - Level 2.6 Stealth
 * Level 1.8 Unarmed Combat
 - Level 2.0 Spellcasting
 - Level 3.0 Hexes
 + Level 1.3 Evocations


You had 5 spell levels left.
You knew the following spells:

 Your Spells              Type           Power        Failure   Level  Hunger
a - Corona                Hex            ####...      54%         1    #......


Dungeon Overview and Level Annotations

Branches:
Dungeon (2/15)

Altars:
Ashenzari
Fedhas
Qazlal


Innate Abilities, Weirdness & Mutations

You are slightly more attuned to the shadows.


Message History

You bump into the rock wall.
The orc wizard casts a spell at you.
The puff of flame hits something.
Reactivating autopickup.
Your Dodging skill increases to level 2!
You have reached level 3!
Your experience leads to an increase in your attributes!
Your base attributes are Str 8, Int 16, Dex 13.
Increase (S)trength, (I)ntelligence, or (D)exterity?
You feel clever.
You feel a bit more experienced.
You bump into the rock wall.
The orc wizard completely misses you.
You bump into the rock wall.
You feel less confused.
The orc wizard gestures at you while chanting.
The puff of frost hits you!
* * * LOW HITPOINT WARNING * * *
The orc wizard points at you and mumbles some strange words.
The puff of flame hits you!
You die...

###.###.#
#.###.#
#.....#
#####.#
#.#
####.#
#....#
#.####
#@# #o#
#o# #l#


.oh $.. .!. You could see an iguana, a hound, an orc wizard and 2 orcs.

Vanquished Creatures
  A worm (D:4)
  2 giant cockroaches
  4 goblins (D:1)
  A hobgoblin (D:1)
  2 bats (D:1)
  A frilled lizard (D:1)
  2 rats (D:1)
13 creatures vanquished.

Vanquished Creatures (others)
  An orc wizard (D:4)
1 creature vanquished.

Grand Total: 14 creatures vanquished

Notes
Turn   | Place    | Note
-------+----------+-------------------------------------------
     0 | D:1      | 4thArraOfDagon the Demonspawn Enchanter began the quest for the Orb.
     0 | D:1      | Reached XP level 1. HP: 13/13 MP: 3/3
   105 | D:1      | Reached skill level 1 in Unarmed Combat
   267 | D:1      | Gained mutation: You are slightly more attuned to the shadows. [demonic ancestry]
   267 | D:1      | Reached XP level 2. HP: 18/19 MP: 5/5
   334 | D:2      | Found a blossoming altar of Fedhas.
   336 | D:2      | Found a stormy altar of Qazlal.
   355 | D:2      | You fall through a shaft for 2 floors!
   414 | D:4      | Found a shattered altar of Ashenzari.
   480 | D:4      | Reached skill level 1 in Evocations
   485 | D:4      | Reached XP level 3. HP: 3/24 MP: 6/6
   487 | D:4      | Killed from afar by an orc wizard

Vault maps used:
D:1:      doesnt_arrival_eight_statues
D:2:      grunt_temple_overflow_forces_of_nature,
          nicolae_overflow_hidden_temple, chequers_ecumenical_altar_simple,
          uniq_robin
D:4:      grunt_temple_overflow_cloverleaf, first_bread,
          cheibrodos_ashenzari_chains

Skill      XL: |  1  2 |
---------------+-------+-----
Unarmed Combat | 1 |  1.8
Evocations     | 1 |  1.3
Dodging        | 2 |  2.0
Short Blades   | |  0.8
Stealth        | |  2.6
Spellcasting   | |  2.0
Hexes          | |  3.0

Action                   || total
-------------------------++-------
Melee: Dagger            ||    62
 Cast: Corona            ||     5
 Abil: Evoke Berserk Rag ||     1
  Use: Potion            ||     3
Armor: Plate armour      ||    30
       Robe              ||     1
Dodge: Dodged            ||    14
